 Dungeon Crawl Stone Soup version 0.31.0-1-g2c135a0 (webtiles) character file.

Game seed: 520373261308221837

9574 quokkaGoldrunner the Gouger (level 11, 59/59 HPs)
             Began as a Felid Enchanter on Jan 21, 2024.
             Was a High Priest of Fedhas.
             Quit the game on level 10 of the Dungeon.
             The game lasted 00:35:52 (13171 turns).

quokkaGoldrunner the Gouger (Felid Enchanter)      Turns: 13171, Time: 00:35:52

Health: 59/59      AC:  2    Str: 10    XL:     11   Next: 24%
Magic:  18/18      EV: 23    Int: 20    God:    Fedhas [*****.]
Gold:   1330       SH:  0    Dex: 20    Spells: 3/18 levels left
                                        Lives:  0   Deaths: 3

rFire   . .          .
                       - Unarmed
rCold   . . .        (shield unavailable)
rNeg    . . .        (body armour unavailable)
rPois   .            (helmet unavailable)
rElec   .            (cloak unavailable)
rCorr   .            (gloves unavailable)
SInv    +            (boots unavailable)
Will    +....        (no amulet)
Stlth   ++++         s - +6 ring of strength
HPRegen 0.29/turn    (no ring)
MPRegen 0.16/turn

%: no passive effects
@: no status effects
A: very small, claws 1, fangs 3, see invisible, shaggy fur 2, stealthy paws, no
weapons or thrown items, no armour, multi-lived
a: Renounce Religion, Wall of Briars, Grow Ballistomycete, Overgrow, Grow Oklob


You were on level 10 of the Dungeon.
You worshipped Fedhas.
Fedhas was extremely pleased with you.
You visited 2 branches of the dungeon, and saw 11 of its levels.
You also visited: Sewer and Bailey.

You collected 1330 gold pieces.

Inventory:

Jewellery
 s - a +6 ring of strength (left paw)
Wands
 h - a wand of flame (35) (quivered)
 i - a wand of charming (8)
 r - a wand of digging (5)
 y - a wand of polymorph (7)
Scrolls
 b - a scroll of amnesia {unknown}
 e - 3 scrolls of fog
 f - a scroll of poison {unknown}
 j - 3 scrolls of immolation
 k - 6 scrolls of noise
 l - a scroll of blinking {unknown}
 t - 3 scrolls of vulnerability
 v - 3 scrolls of brand weapon
 x - 2 scrolls of fear
Potions
 a - 3 potions of invisibility
 c - a potion of curing {unknown}
 d - a potion of ambrosia {unknown}
 g - 2 potions of degeneration {unknown}
 m - a potion of heal wounds {unknown}
 n - 5 potions of brilliance
 o - 3 potions of enlightenment {unknown}
 p - 2 potions of lignification {unknown}
 u - a potion of cancellation {unknown}
 w - a potion of might {unknown}
 z - a potion of magic {unknown}


   Skills:
 + Level 7.7 Fighting
 - Level 8.0 Dodging
 - Level 8.0 Stealth
 + Level 9.3 Unarmed Combat
 - Level 4.0 Spellcasting
 - Level 6.0 Hexes
 + Level 7.9 Translocations
 - Level 7.0 Invocations
 - Level 3.0 Evocations


You had 3 spell levels left.
You knew the following spells:

 Your Spells              Type           Power      Damage    Failure   Level
a - Passage of Golubria   Tloc           35%        N/A       4%          4
b - Sigil of Binding      Hex            28%        N/A       3%          3
x - Tukima's Dance        Hex            28%        N/A       3%          3
z - Ensorcelled Hibernat  Hex/Ice        32%        N/A       5%          2
U - Confusing Touch       Hex            28%        N/A       3%          3

Your spell library contained the following spells:

 Spells                   Type           Power      Damage    Failure   Level
 Dazzling Flash           Conj/Hex       32%        N/A       11%         3
 Cigotuvi's Dreadful Rot  Necr/Alch/Air  8%         N/A       19%         2
 Call Canine Familiar     Summ           4%         N/A       36%         3
 Silence                  Hex/Air        8%         N/A       71%         5
 Dispel Undead            Necr           4%         3d7       77%         4
 Martyr's Knell           Necr/Summ      4%         N/A       77%         4
 Death Channel            Necr           2%         N/A       100%        6
 Lehudib's Crystal Spear  Conj/Erth      2%         10d2      100%        8
 Dimensional Bullseye     Hex/Tloc       Unusable   N/A       N/A         4

Dungeon Overview and Level Annotations

Branches:
Dungeon (10/15)            Temple (1/1) D:7           Sewer (visited)
 Bailey (visited)
   Lair: D:8-11         Orc: D:9-12

Altars:
Ashenzari
Cheibriados
Dithmenos
Elyvilon
Fedhas
Gozag
Hepliaklqana
Kikubaaqudgha
Makhleb
Nemelex Xobeh
Okawaru
Qazlal
Ru
Sif Muna
Trog
Uskayaw
Vehumet
Wu Jian
Xom
Yredelemnul
Zin
The Shining One

Shops:
D:4 :

Annotations:
D:6 1 runed translucent door, ironshield's ghost, novice DsSu
D:10 exclusions: two-headed ogre and 6 more exclusions


Innate Abilities, Weirdness & Mutations

You have sharp claws.
You have razor-sharp teeth.
You have supernaturally acute eyesight. (SInv)
You are covered in thick fur. (AC +2)
Your paws help you pounce on unaware monsters.
You are incapable of wielding weapons or throwing items.
You cannot wear armour.
You gain extra lives every three experience levels.


Message History

Confirm with . or Enter, or press ? or * to list all spells.
Your paws begin to glow red.
You scratch the wyvern but do no damage.
The wyvern appears confused.
The wyvern bites you!
The wyvern bites itself!
You scratch the wyvern.
The wyvern is heavily wounded.
The wyvern completely misses you.
You barely miss the wyvern.
The wyvern is heavily wounded.
You claw the wyvern! You bite the wyvern, but do no damage.
The wyvern is almost dead.
The wyvern barely misses you.
You scratch the wyvern.
You kill the wyvern!
Fedhas appreciates your contribution to the ecosystem.
The manticore bites you! The manticore claws you. The manticore misses you.
Casting: Confusing Touch (dangerous; 3% risk of failure)
Confirm with . or Enter, or press ? or * to list all spells.
Your paws begin to glow red.
The manticore bites you!
* * * LOW HITPOINT WARNING * * *
The manticore closely misses you. The manticore claws you!
You die...
You rejoin the land of the living...
Unknown command.
That's the wrong kind of item! (Use * to select it.) Fire/use which item? (? for menu, Esc to quit)
That's the wrong kind of item! (Use * to select it.) Fire/use which item? (? for menu, Esc to quit)
Okay, then.
Unknown command.
What level of the Dungeon? (default 1, ? - help)
Okay, then.
Unknown command.
Okay, then.
Are you sure you want to abandon this character and quit the game? (Confirm with "yes".)
Okay, then.
Unknown command.
Unknown command.
Unknown command.
Are you sure you want to abandon this character and quit the game? (Confirm with "yes".)

..... ... #'#
#.### #...# ###.#
##### #######'###
#.... #...>.....#
#....
#@........####....
#.........##.'....
#.........##.#....
#.....>...#>.#..(.
#.........#.##....
#.........'.##....
#.........####....
###'####### #####
#..# #


There were no monsters in sight!

Vanquished Creatures
  A two-headed ogre (D:4)
  Joseph (D:8)
  Jeremiah (D:6)
  2 trolls
  Prince Ribbit (D:5)
  Grinder (D:6)
  Sigmund (D:2)
  Eustachio (D:6)
  2 wyverns
  3 yaks (D:10)
  Grum (D:8)
  2 steam dragons
  Edmund (D:5)
  A dancing weapon (D:4)
  A water moccasin (D:6)
  2 sky beasts
  3 black bears
  8 orc warriors
  3 wolves (D:8)
  4 centaurs
  2 ogres
  9 kobold brigands
  Blork the orc (D:5)
  2 brain worms (Sewer)
  2 gnoll sergeants
  3 bullfrogs
  4 scorpions
  7 wights
  7 killer bees (D:9)
  A howler monkey (D:10)
  A bombardier beetle (D:4)
  A quasit (D:8)
  6 orc priests
  Crazy Yiuf (D:5)
  3 hounds
  A jelly (D:3)
  A gnoll bouda (D:7)
  A sleepcap (D:5)
  Jessica (D:2)
  4 iguanas
  Terence (D:2)
  6 orc wizards
  Ijyb (D:3)
  Robin (D:4)
  10 gnolls
  15 adders
  5 river rats
  A shadow imp (D:5)
  3 white imps
  2 ufetubi (D:6)
  2 dart slugs
  2 ribbon worms
  60 orcs
  An endoplasm (D:3)
  7 giant cockroaches
  15 goblins
  10 hobgoblins
  17 jackals
  19 kobolds
  5 quokkas
  12 ball pythons
  3 bats (D:3)
  6 frilled lizards
  10 rats
312 creatures vanquished.

Vanquished Creatures (collateral kills)
  2 orc warriors
  A wolf (D:8)
  4 wights
  A killer bee (D:9)
  2 gnolls
  An adder (D:4)
  2 orcs
13 creatures vanquished.

Vanquished Creatures (others)
  7 dancing weapons
  An orc warrior (D:8)
  A scorpion (D:5)
  2 killer bees (D:9)
  2 sleepcaps (D:7)
  A gnoll (D:7)
14 creatures vanquished.

Grand Total: 339 creatures vanquished

Notes
Turn   | Place    | Note
-------+----------+-------------------------------------------
     0 | D:1      | quokkaGoldrunner the Felid Enchanter began the quest for
                  | the Orb.
     0 | D:1      | Reached XP level 1. HP: 9/9 MP: 4/4
   277 | D:1      | Reached XP level 2. HP: 4/13 MP: 6/6
   555 | D:1      | Reached skill level 2 in Unarmed Combat
   794 | D:1      | Reached XP level 3. HP: 17/17 MP: 7/7
   798 | D:1      | Learned a level 3 spell: Confusing Touch
   801 | D:1      | Learned a level 2 spell: Ensorcelled Hibernation
   920 | D:2      | Noticed Jessica
   923 | D:2      | Noticed Sigmund
   924 | D:2      | Killed Jessica
   925 | D:2      | Reached skill level 3 in Unarmed Combat
   925 | D:2      | Reached skill level 5 in Hexes
   943 | D:2      | Reached skill level 1 in Fighting
  1073 | D:2      | Noticed Terence
  1086 | D:2      | Killed Terence
  1087 | D:2      | Reached XP level 4. HP: 22/22 MP: 2/8
  1087 | D:2      | Gained a life (2 lives remaining)
  1828 | D:2      | Killed Sigmund
  1829 | D:2      | Reached skill level 4 in Unarmed Combat
  1829 | D:2      | Reached XP level 5. HP: 16/28 MP: 4/9
  1829 | D:2      | Gained mutation: You are covered in thick fur. (AC +2)
                  | [Felid growth]
  1829 | D:2      | Reached XP level 6. HP: 19/32 MP: 4/10
  1887 | D:3      | Noticed Ijyb
  1906 | D:3      | Killed Ijyb
  2107 | D:3      | Learned a level 3 spell: Tukima's Dance
  2234 | D:3      | Found a snail-covered altar of Cheibriados.
  2916 | D:3      | Noticed a sky beast
  2970 | D:4      | Noticed Robin
  2976 | D:4      | Reached skill level 1 in Evocations
  3274 | D:4      | Killed Robin
  3552 | D:4      | Found Taghutil's Book Boutique.
  3665 | D:4      | Found a glowing silver altar of Zin.
  3680 | D:4      | Noticed a two-headed ogre
  3695 | D:4      | Found an iron altar of Okawaru.
  3838 | D:4      | Reached XP level 7. HP: 26/36 MP: 1/11
  3939 | D:4      | Reached skill level 5 in Stealth
  4062 | D:5      | Entered Level 5 of the Dungeon
  4066 | D:5      | Noticed Blork the orc
  4291 | D:5      | Reached skill level 5 in Unarmed Combat
  4294 | D:5      | Reached skill level 5 in Dodging
  4374 | D:5      | Identified the +1 spear "Qalimpou" {freeze, rN+ SInv}
  4428 | D:5      | Killed Blork the orc
  4534 | D:5      | Noticed Prince Ribbit
  4587 | D:5      | Killed Prince Ribbit
  4588 | D:5      | Reached skill level 6 in Unarmed Combat
  4588 | D:5      | Reached XP level 8. HP: 31/40 MP: 1/12
  4759 | D:5      | Noticed Edmund
  4768 | D:5      | Killed Edmund
  5180 | D:5      | You fall into a shaft and drop 2 floors!
  5187 | D:7      | Found a staircase to the Ecumenical Temple.
  5200 | Temple   | Entered the Ecumenical Temple
  5220 | Temple   | Became a worshipper of Fedhas Madash
  5372 | D:7      | Reached skill level 7 in Unarmed Combat
  5376 | D:7      | Learned a level 3 spell: Sigil of Binding
  5630 | D:7      | Reached skill level 5 in Fighting
  5972 | D:7      | Reached XP level 9. HP: 48/48 MP: 10/13
  6292 | D:6      | Reached * piety under Fedhas
  6300 | D:6      | Reached skill level 8 in Unarmed Combat
  6459 | D:6      | Reached skill level 1 in Translocations
  6621 | D:6      | Noticed Jeremiah
  6717 | D:6      | Noticed Eustachio
  6731 | D:6      | Killed Eustachio
  6777 | D:6      | Found a glowing drain.
  6811 | Sewer    | Entered a sewer
  7004 | Sewer    | Reached ** piety under Fedhas
  7478 | D:6      | Found a runed translucent door.
  7478 | D:6      | Noticed ironshield's ghost (novice DsSu)
  7489 | D:6      | Reached skill level 1 in Invocations
  7629 | D:6      | Noticed Grinder
  7652 | D:6      | Paralysed by Grinder for 3 turns
  7673 | D:6      | Killed Grinder
  7991 | D:6      | Killed Jeremiah
  8395 | D:5      | Found a runed translucent door.
  8396 | D:5      | Noticed Crazy Yiuf
  8579 | D:5      | Killed Crazy Yiuf
  8911 | D:3      | Reached XP level 10. HP: 18/53 MP: 10/16
  9117 | D:4      | Killed a two-headed ogre
  9343 | D:8      | Reached skill level 5 in Invocations
  9388 | D:8      | Reached *** piety under Fedhas
  9823 | D:8      | Noticed Joseph
  9836 | D:8      | Killed Joseph
 10213 | D:8      | Found an opulent altar of Gozag.
 10240 | D:8      | Noticed Grum
 10400 | D:8      | Learned a level 4 spell: Passage of Golubria
 10464 | D:8      | Reached **** piety under Fedhas
 10588 | D:8      | Mangled by Grum
 10588 | D:8      | Lost a life (1 life remaining)
 10656 | D:8      | Killed Grum
 10873 | D:9      | Reached skill level 5 in Translocations
 12072 | D:9      | Reached XP level 11. HP: 44/58 MP: 0/18
 12072 | D:9      | Gained a life (2 lives remaining)
 12271 | D:10     | Entered Level 10 of the Dungeon
 12355 | D:10     | Noticed a two-headed ogre
 12492 | D:10     | Reached skill level 9 in Unarmed Combat
 12559 | D:10     | Reached ***** piety under Fedhas
 12625 | D:10     | Found a flagged portal.
 12646 | Bailey   | Entered a bailey
 12693 | Bailey   | Slain by a kobold brigand
 12693 | Bailey   | Lost a life (1 life remaining)
 13046 | Bailey   | Found a burning altar of Makhleb.
 13170 | D:10     | Slain by a manticore
 13170 | D:10     | Lost a life (0 lives remaining)
 13171 | D:10     | Quit the game

Illustrated notes

Levels and vault maps discovered:
D:1:      lemuel_arrival_broad_hall, layout_basic
D:2:      layout_basic, uniq_sigmund, uniq_terence, uniq_jessica
D:3:      minmay_octagon_keep, layout_loops_ring, mainiacjoe_overflow_alcove_2,
          lightli_corner_chamber, uniq_ijyb
D:4:      layout_basic, chequers_temple_overflow_statue_of_worship,
          serial_shops, shop_statue, uniq_robin
D:5:      layout_loops_ring, uniq_blork_the_orc, uniq_edmund,
          uniq_prince_ribbit1, uniq_crazy_yiuf_cottage
D:6:      layout_loops_ring, portal_sewer_entry_b, gammafunk_ghost_grave,
          kennysheep_flooded_box, uniq_jeremiah, uniq_eustachio, uniq_grinder
D:7:      layout_cave_pools, minmay_temple_entry_arrows,
          kennysheep_generic_room_4
D:8:      layout_basic, mainiacjoe_overflow_paths, special_room
          [special_room_orc], serial_demonic, serial_demonic_b,
          serial_demonic_f, serial_demonic_a, serial_demonic_e, uniq_joseph,
          uniq_grum
D:9:      layout_loops_cross
D:10:     layout_roguey, enter_bailey_4
Temple:   regret_index_temple_chain_breaker

Skill      XL: |  1  2  3  4  5  6  7  8  9 10 11 |
---------------+----------------------------------+-----
Dodging        | 3 4 6 8 |  8.0
Unarmed Combat | 2 3 4 6 7 8 9 |  9.3
Hexes          | 5 6 |  6.0
Fighting       | 1 3 5 6 7 |  7.7
Evocations     | 1 2 3 |  3.0
Stealth        | 6 8 |  8.0
Translocations | 4 6 7 |  7.9
Invocations    | 3 7 |  7.0
Spellcasting   | 3 4 |  4.0

Action                     |  1- 3 |  4- 6 |  7- 9 | 10-12 || total
---------------------------+-------+-------+-------+-------++-------
  Melee: Unarmed           |   114 |   169 |   295 |   346 ||   924
         Bite              |     9 |     7 |    26 |    57 ||    99
         Punch             |     1 |     4 |    10 |    20 ||    35
   Cast: Ensorcelled Hiber |     5 |    25 |    69 |    38 ||   137
         Confusing Touch   |     1 |     3 |    17 |    39 ||    60
         Tukima's Dance    |       |     1 |    12 |    26 ||    39
         Sigil of Binding  |       |       |     1 |       ||     1
 Invoke: Wall of Briars    |       |       |       |     2 ||     2
  Evoke: Wand              |       |       |     6 |    10 ||    16
    Use: Potion            |     1 |       |       |       ||     1
         Scroll            |       |       |    10 |     1 ||    11
   Stab: Sleeping          |     8 |    20 |    50 |    27 ||   105
         Invisible         |     4 |       |       |       ||     4
         Confused          |     1 |     2 |    13 |    20 ||    36
         Distracted        |       |     1 |     3 |     2 ||     6
 Armour: Skin              |    30 |    68 |    79 |   114 ||   291
  Dodge: Dodged            |    92 |   168 |   233 |   348 ||   841
